[Event "ICC tourney 1921 (15 5)"]
[Site "Internet Chess Club"]
[Date "2020.07.17"]
[Round "7"]
[White "Kausy"]
[Black "espark"]
[Result "0-1"]
[ICCResult "White checkmated"]
[WhiteElo "1678"]
[BlackElo "1712"]
[Opening "Robatsch defense: two knights variation"]
[ECO "B06"]
[NIC "KF.05"]
[Time "18:11:33"]
[TimeControl "900+5"]

1. e4 g6 2. d4 Bg7 3. Nc3 d6 4. Nf3 a6 5. Be3 b5 6. a3 Nd7 7. Qd2 Bb7 8.
O-O-O Rc8 9. h4 h6 10. h5 g5 11. Ne1 c5 12. dxc5 Nxc5 13. Bxc5 Rxc5 14. Nd5
Bxd5 15. exd5 Nf6 16. Bd3 Nxd5 17. g3 Nc3 18. bxc3 Bxc3 19. Qe3 Qa5 20.
Bxb5+ axb5 21. Rd3 Qxa3+ 22. Kd1 Qa1+ 23. Ke2 Re5 24. Rxc3 Qxc3 25. Nd3
Rxe3+ 26. Kxe3 O-O 27. Rb1 Qxc2 28. Rxb5 Rb8 29. Rxb8+ Kg7 30. Rb4 Qd1 31.
f3 Qg1+ 32. Ke2 Qxg3 33. f4 Qh2+ 34. Ke3 Qxh5 35. fxg5 hxg5 36. Re4 e5 37.
Nf2 f5 38. Ra4 f4+ 39. Kd2 Qf3 40. Ne4 Qe3+ 41. Kc2 Qe2+ 42. Kc3 d5 43. Nxg5
d4+ 44. Kb4 d3 45. Ne6+ Kf7 46. Nc5 d2 47. Ra7+ Kg6 48. Na4 d1=Q 49. Nc3
Qb2+ 50. Kc5 Qxc3+ 51. Kb6 Qb1+ 52. Ka6 Qca1# {White checkmated} 0-1

[Event "ICC tourney 1921 (15 5)"]
[Site "Internet Chess Club"]
[Date "2020.07.17"]
[Round "7"]
[White "funplaychess"]
[Black "Sricharan07"]
[Result "1/2-1/2"]
[ICCResult "Game drawn by mutual agreement"]
[WhiteElo "1806"]
[BlackElo "1523"]
[Opening "King's Indian: Sämisch, 5...O-O"]
[ECO "E81"]
[NIC "KI.48"]
[Time "18:19:16"]
[TimeControl "900+5"]

1. d4 Nf6 2. c4 g6 3. Nc3 d6 4. e4 Bg7 5. f3 O-O 6. Be3 Nbd7 7. Qd2 c5 8.
Nge2 a6 9. h4 Qc7 10. Rc1 cxd4 11. Nxd4 Ne5 12. b3 h5 13. Be2 Bd7 14. O-O
Rfc8 15. Rfd1 Bc6 16. a4 e6 17. Bf1 {Game drawn by mutual agreement} 1/2-1/2

[Event "ICC tourney 1921 (15 5)"]
[Site "Internet Chess Club"]
[Date "2020.07.17"]
[Round "7"]
[White "saisneha"]
[Black "tcrgm"]
[Result "1-0"]
[ICCResult "Black resigns"]
[WhiteElo "1563"]
[BlackElo "1533"]
[Opening "QGD Slav: exchange variation, 6.Bf4 Bf5"]
[ECO "D14"]
[NIC "SL.01"]
[Time "18:11:33"]
[TimeControl "900+5"]

1. d4 d5 2. c4 c6 3. cxd5 cxd5 4. Bf4 Nf6 5. Nc3 Nc6 6. Nf3 Bf5 7. e3 a6 8.
Rc1 e6 9. Bd3 Bxd3 10. Qxd3 Rc8 11. O-O Bd6 12. Bg3 Bxg3 13. hxg3 O-O 14. a3
Na5 15. Rc2 Nc4 16. Rfc1 Qa5 17. Ne5 b5 18. f3 Rfd8 19. Na2 b4 20. Nxb4 Nxe5
21. dxe5 Nd7 22. Rxc8 Rf8 23. Qxa6 Qxa6 24. Nxa6 Nxe5 25. b4 Nc4 26. Rxf8+
Kxf8 27. b5 Nxa3 28. b6 Nc4 29. b7 {Black resigns} 1-0

[Event "ICC tourney 1921 (15 5)"]
[Site "Internet Chess Club"]
[Date "2020.07.17"]
[Round "7"]
[White "otcm"]
[Black "Oliver0731"]
[Result "1-0"]
[ICCResult "Black resigns"]
[WhiteElo "1071"]
[BlackElo "1396"]
[Opening "QGD Slav defense"]
[ECO "D10"]
[NIC "SL.01"]
[Time "18:11:33"]
[TimeControl "900+5"]

1. d4 d5 2. c4 c6 3. g3 Bf5 4. Bg2 dxc4 5. Nf3 Nf6 6. O-O e6 7. Nbd2 b5 8.
a4 Na6 9. axb5 Nb4 10. bxc6 Bc2 11. Qe1 Bf5 12. e4 Nxe4 13. Qd1 Nxd2 14.
Bxd2 Bd3 15. Bxb4 Bxf1 16. Bxf8 Rxf8 17. Qxf1 Rc8 18. Qxc4 Qb6 19. b3 Rxc6
20. Qa4 a6 21. Ne5 {Black resigns} 1-0

[Event "ICC tourney 1921 (15 5)"]
[Site "Internet Chess Club"]
[Date "2020.07.17"]
[Round "7"]
[White "lukeye"]
[Black "combusken1123"]
[Result "1/2-1/2"]
[ICCResult "Game drawn by mutual agreement"]
[WhiteElo "1812"]
[BlackElo "1476"]
[Opening "Sicilian: Pelikan, Chelyabinsk variation"]
[ECO "B33"]
[NIC "SI.37"]
[Time "18:10:48"]
[TimeControl "900+5"]

1. e4 c5 2. Nf3 Nc6 3. d4 cxd4 4. Nxd4 Nf6 5. Nc3 e5 6. Ndb5 d6 7. Bg5 a6 8.
Na3 b5 9. Nd5 Be7 10. Bxf6 Bxf6 11. c4 b4 12. Nc2 a5 13. g3 O-O 14. Bg2 Bg5
15. h4 Bh6 16. O-O Ne7 17. a3 Nxd5 18. Qxd5 Be6 19. Qd3 Rc8 20. b3 a4 21.
axb4 axb3 22. Na3 b2 23. Rab1 Bc1 24. Rfxc1 bxc1=Q+ 25. Rxc1 Qb6 26. b5 Rc5
27. Bf1 Rfc8 28. Rd1 Bxc4 29. Nxc4 Rxc4 30. Qxc4 Rxc4 31. Bxc4 Kf8
{Game drawn by mutual agreement}
1/2-1/2

[Event "ICC tourney 1921 (15 5)"]
[Site "Internet Chess Club"]
[Date "2020.07.17"]
[Round "7"]
[White "che8642"]
[Black "Kfprasanna"]
[Result "0-1"]
[ICCResult "White checkmated"]
[WhiteElo "1364"]
[BlackElo "1317"]
[Opening "Queen's pawn: Chigorin variation"]
[ECO "D00"]
[NIC "QP.08"]
[Time "18:11:34"]
[TimeControl "900+5"]

1. d4 d5 2. Nc3 Nc6 3. Bf4 e6 4. Nb5 Bd6 5. Nxd6+ cxd6 6. Nf3 Nf6 7. e3 Bd7
8. Bxd6 Ne7 9. Bf4 O-O 10. Bd3 h6 11. O-O Nh5 12. Be5 Nc6 13. Bd6 Re8 14.
Ne5 Nxe5 15. dxe5 g6 16. Qg4 Ng7 17. e4 dxe4 18. Bxe4 Qb6 19. Rfd1 Qxb2 20.
Qf3 Bc6 21. Bxc6 bxc6 22. Qxc6 Rec8 23. Rdb1 Qxb1+ 24. Rxb1 Rxc6 25. Rb2
Rac8 26. h3 Rxc2 27. Rb7 Rxa2 28. Rd7 a5 29. Ra7 a4 30. Kh2 Nf5 31. Bb4 Rxf2
32. Rxa4 Rcc2 33. Ra8+ Kh7 34. Bf8 Rxg2+ 35. Kh1 Ng3# {White checkmated} 0-1

[Event "ICC tourney 1921 (15 5)"]
[Site "Internet Chess Club"]
[Date "2020.07.17"]
[Round "7"]
[White "mutantpenguin"]
[Black "mancogu"]
[Result "1-0"]
[ICCResult "Black checkmated"]
[WhiteElo "1297"]
[BlackElo "1285"]
[Opening "Bird's opening"]
[ECO "A03"]
[NIC "VO.07"]
[Time "18:11:01"]
[TimeControl "900+5"]

1. f4 d5 2. Nf3 Nf6 3. g3 c6 4. Bg2 Bf5 5. O-O Bg6 6. Ne5 Nbd7 7. Nxg6 hxg6
8. d4 e6 9. Nd2 Be7 10. e3 O-O 11. Nf3 Rc8 12. b3 c5 13. Ba3 Re8 14. Ne5 Qc7
15. Rc1 Nxe5 16. fxe5 Nd7 17. Qf3 Rf8 18. c4 Qa5 19. Bxc5 Nxc5 20. dxc5 Rxc5
21. cxd5 Rxd5 22. Qf2 Rd7 23. Rc4 Rc7 24. Rfc1 Rxc4 25. Rxc4 Qb6 26. e4
Qxf2+ 27. Kxf2 Rd8 28. Ke2 Rd7 29. Rc8+ Kh7 30. Bf3 g5 31. Bg4 Kg6 32. Rh8
Rc7 33. Bh5# {Black checkmated} 1-0

[Event "ICC tourney 1921 (15 5)"]
[Site "Internet Chess Club"]
[Date "2020.07.17"]
[Round "7"]
[White "Averyyu321"]
[Black "Ananya22609"]
[Result "1-0"]
[ICCResult "Black resigns"]
[WhiteElo "1309"]
[BlackElo "1389"]
[Opening "French: Tarrasch, closed variation"]
[ECO "C05"]
[NIC "FR.17"]
[Time "18:10:49"]
[TimeControl "900+5"]

1. e4 e6 2. d4 d5 3. Nd2 c5 4. c3 Nf6 5. e5 Nfd7 6. Bd3 Nc6 7. Ne2 Be7 8.
O-O O-O 9. Nf3 f6 10. exf6 Nxf6 11. Re1 c4 12. Bc2 b5 13. Nf4 Qd6 14. Ne5 a5
15. Nh5 Bd7 16. Nxf6+ Bxf6 17. Qh5 g6 18. Nxg6 hxg6 19. Qxg6+ Bg7 20. Qh7+
Kf7 21. Bg6+ Ke7 22. Bg5+ Rf6 23. Qxg7+ Kd8 24. Qxf6+ Kc7 25. Bf4 e5 26.
Qxd6+ Kxd6 27. Bxe5+ Nxe5 28. dxe5+ Kc7 29. e6 Be8 30. Bxe8 Rxe8 31. f4 Kd6
32. f5 Ke7 33. g4 Kf6 34. h4 Rh8 35. e7 Re8 36. Kg2 b4 37. Re6+ Kf7 38. h5
bxc3 39. bxc3 Kg7 40. g5 Kf7 41. h6 {Black resigns} 1-0

[Event "ICC tourney 1921 (15 5)"]
[Site "Internet Chess Club"]
[Date "2020.07.17"]
[Round "7"]
[White "brilliantnessme"]
[Black "hollyelf"]
[Result "0-1"]
[ICCResult "White checkmated"]
[WhiteElo "1623"]
[BlackElo "1660"]
[Opening "Ruy Lopez: closed, Keres (...Nd7) defense"]
[ECO "C96"]
[NIC "RL.23"]
[Time "18:10:48"]
[TimeControl "900+5"]

1. e4 e5 2. Nf3 Nc6 3. Bb5 a6 4. Ba4 Nf6 5. O-O Be7 6. Re1 b5 7. Bb3 d6 8.
c3 O-O 9. h3 Na5 10. Bc2 c5 11. d4 Nd7 12. Nbd2 exd4 13. cxd4 Nc6 14. dxc5
dxc5 15. Nf1 Bb7 16. a3 Nde5 17. Nxe5 Nxe5 18. Bf4 Ng6 19. Bg3 Re8 20. Qf3
Bf6 21. Rad1 Qe7 22. Bd6 Qe6 23. Bb3 c4 24. Bc2 Bxb2 25. Bb4 Rad8 26. Ne3
Ne5 27. Qg3 Nd3 28. Bxd3 cxd3 29. Nf5 Bxe4 30. Rxe4 Qxf5 31. Rxe8+ Rxe8 32.
Qxd3 Qxd3 33. Rxd3 h6 34. Rd6 Ra8 35. Rd2 Bf6 36. Rd5 a5 37. Be1 b4 38. axb4
a4 39. Rd2 Re8 40. Kf1 Bc3 41. Rd8 Rxd8 42. Bxc3 Rc8 43. Bb2 Rc2 44. Bd4 Rc4
45. Bc5 a3 46. Bd6 f6 47. b5 a2 48. b6 a1=Q+ 49. Ke2 Rc2+ 50. Kd3 Qc3+ 51.
Ke4 Re2+ 52. Kf5 Qd3+ 53. Kg4 Re4+ 54. Kh5 Qd5+ 55. Be5 Qf7# {White
checkmated} 0-1

[Event "ICC tourney 1921 (15 5)"]
[Site "Internet Chess Club"]
[Date "2020.07.17"]
[Round "7"]
[White "natez"]
[Black "soggydollar"]
[Result "1-0"]
[ICCResult "Black forfeits on time"]
[WhiteElo "1577"]
[BlackElo "1412"]
[Opening "King's Indian: East Indian defense"]
[ECO "A48"]
[NIC "QP.06"]
[Time "18:10:34"]
[TimeControl "900+5"]

1. d4 Nf6 2. Nf3 g6 3. e3 Bg7 4. Be2 d6 5. O-O O-O 6. c4 Nbd7 7. Nc3 c5 8.
b3 b6 9. Bb2 Bb7 10. d5 Ne8 11. e4 e5 12. Bc1 f5 13. Ng5 Nc7 14. exf5 gxf5
15. Nb5 Nxb5 16. Ne6 Qe7 17. cxb5 Rfc8 18. Bg5 Nf6 19. Bc4 h6 20. Bh4 Re8
21. Bxf6 Bxf6 22. Qh5 Qh7 23. Rad1 Kh8 24. Rd3 Rg8 25. Rf3 Bg5 26. h4 e4 27.
Nxg5 Rxg5 28. hxg5 exf3 29. Qxf3 hxg5 30. g3 Re8 31. Kg2 Qg6 32. Rh1+ Kg7
33. Qc3+ Re5 34. Kf1 Qf6 35. f4 {Black forfeits on time} 1-0

[Event "ICC tourney 1921 (15 5)"]
[Site "Internet Chess Club"]
[Date "2020.07.17"]
[Round "7"]
[White "jvihaan"]
[Black "VianYang"]
[Result "1/2-1/2"]
[ICCResult "Game drawn by mutual agreement"]
[WhiteElo "1299"]
[BlackElo "1319"]
[Opening "Sicilian: Najdorf, Byrne (English) attack"]
[ECO "B90"]
[NIC "SI.14"]
[Time "18:11:33"]
[TimeControl "900+5"]

1. e4 c5 2. Nf3 d6 3. d4 cxd4 4. Nxd4 Nf6 5. Nc3 a6 6. Be3 e5 7. Nb3 Be6 8.
Be2 Be7 9. O-O Nbd7 10. f4 exf4 11. Bxf4 Ne5 12. Nd4 Bd7 13. Nf5 O-O 14.
Nxe7+ Qxe7 15. Qe1 Bc6 16. Bf3 Rfe8 17. Rd1 Rad8 18. Qg3 Nxf3+ 19. gxf3 Nh5
20. Qg4 Nxf4 21. Qxf4 Qe5 22. Qxe5 dxe5 23. Rxd8 Rxd8 24. Rd1 Rxd1+ 25. Nxd1
f5 26. Nc3 b5 27. b4 Kf7 28. Kf2 fxe4 29. Nxe4 Bd5 30. Nc3 Bc6 31. Ke3 Ke6
32. Ne4 Bxe4 33. fxe4 Kf6 34. Kd3 h5 35. c4 h4 36. c5 g5 37. Ke3 g4 38. Kf2
Ke6 39. Kg2 Kd7 40. h3 g3 41. Kf3 Kc6 42. a3 a5 43. Kg2 Kd7 44. bxa5 Kc6 45.
a6 Kc7 46. Kf3 Kc6 47. Kg2 Kc7 48. Kf3 Kc6 {Game drawn by mutual agreement}
1/2-1/2

[Event "ICC tourney 1921 (15 5)"]
[Site "Internet Chess Club"]
[Date "2020.07.17"]
[Round "7"]
[White "che2468"]
[Black "Senmeesin"]
[Result "0-1"]
[ICCResult "White checkmated"]
[WhiteElo "1358"]
[BlackElo "1282"]
[Opening "Queen's pawn: Chigorin variation"]
[ECO "D00"]
[NIC "QP.08"]
[Time "18:11:33"]
[TimeControl "900+5"]

1. d4 d5 2. Nc3 Nf6 3. Bf4 e6 4. a3 Bd6 5. Bg3 O-O 6. e3 a6 7. Nf3 c5 8. Be2
cxd4 9. Nxd4 Nc6 10. Nxc6 bxc6 11. Qd2 e5 12. O-O Bf5 13. Bd3 Bg6 14. Bxg6
hxg6 15. Rad1 Rb8 16. b3 Nh5 17. a4 Nxg3 18. hxg3 Bb4 19. Qd3 e4 20. Qd4 c5
21. Qd2 d4 22. exd4 cxd4 23. Qxd4 Qxd4 24. Rxd4 Bxc3 25. Rxe4 Rfc8 26. Re2
Rc7 27. Rd1 Rbc8 28. Rd6 a5 29. Rd1 Bf6 30. c4 Rb7 31. Rb1 Kf8 32. Rd2 Be7
33. Rd5 Bb4 34. Kf1 Ke7 35. Re5+ Kf6 36. f4 Re7 37. Rxe7 Kxe7 38. Rd1 Rd8
39. Rxd8 Kxd8 40. Ke2 Kd7 41. Kd3 Kd6 42. Kd4 f6 43. g4 Ba3 44. f5 g5 45.
Kc3 Kc5 46. Kd3 Bb4 47. Ke4 Ba3 48. Kd3 Kb4 49. Kc2 Kc5 50. Kc3 Kd6 51. Kd4
Bb4 52. Kd3 Ke5 53. Ke3 Bc5+ 54. Kd3 Kf4 55. g3+ Kxg3 56. Ke4 Kxg4 57. Kd5
Bb4 58. c5 Bxc5 59. Kxc5 Kxf5 60. b4 axb4 61. Kxb4 g4 62. a5 g3 63. a6 g2
64. a7 g1=Q 65. a8=Q Qb1+ 66. Kc5 Qg1+ 67. Kb4 Qd4+ 68. Kb3 Qd3+ 69. Kb2
Qd4+ 70. Kc1 Qc5+ 71. Kd2 Qd4+ 72. Ke1 Qe4+ 73. Qxe4+ Kxe4 74. Kf2 g5 75.
Kg3 f5 76. Kf2 f4 77. Kg2 g4 78. Kf2 g3+ 79. Kg2 Ke3 80. Kg1 f3 81. Kf1 f2
82. Kg2 Ke2 83. Kxg3 f1=Q 84. Kg4 Qf3+ 85. Kg5 Ke3 86. Kg6 Qf4 87. Kg7 Qf5
88. Kg8 Qf6 89. Kh7 Qg5 90. Kh8 Ke4 91. Kh7 Kf5 92. Kh8 Kf6 93. Kh7 Qg7#
{White checkmated}
0-1

[Event "ICC tourney 1921 (15 5)"]
[Site "Internet Chess Club"]
[Date "2020.07.17"]
[Round "7"]
[White "ChoppinHeadz"]
[Black "WCCJCS"]
[Result "1/2-1/2"]
[ICCResult "Game drawn by mutual agreement"]
[WhiteElo "1518"]
[BlackElo "1566"]
[Opening "QGD: exchange, positional line, 5...c6"]
[ECO "D35"]
[NIC "QO.16"]
[Time "18:11:33"]
[TimeControl "900+5"]

1. d4 d5 2. c4 e6 3. Nc3 Nf6 4. cxd5 exd5 5. Bg5 c6 6. e3 Nbd7 7. Bd3 Be7 8.
Nge2 O-O 9. O-O h6 10. Bh4 Re8 11. f3 Nb6 12. e4 Nxe4 13. Bxe7 Nxc3 14. Bxd8
Nxd1 15. Raxd1 Rxd8 16. Ng3 Be6 17. h3 Re8 18. f4 Nc4 19. f5 Bd7 20. Bxc4
dxc4 21. Rfe1 Rxe1+ 22. Rxe1 b5 23. Kf2 a5 24. Re3 a4 25. a3 Rd8 26. Re5 f6
27. Re2 Kf7 28. Kf3 Bc8 29. Re4 c5 30. dxc5 Bb7 31. Ke3 Rd3+ 32. Ke2 Bxe4
33. Nxe4 Rd5 34. g4 Ke7 35. h4 Kd7 36. Ke3 Kc6 37. Kf4 Rxc5 38. g5 fxg5+ 39.
hxg5 hxg5+ 40. Kxg5 Kd5 41. Nxc5 Kxc5 42. Kg6 b4 43. axb4+ Kxb4 44. Kxg7 a3
45. f6 axb2 46. f7 b1=Q 47. f8=Q+ Kb3 48. Qb8+ Kc2 49. Qh2+ Kb3 50. Qb8+ Ka2
51. Qa7+ Kb2 52. Qd4+ c3 53. Qb4+ Kc2 54. Qe4+ Kb2 55. Qb4+ Ka2 56. Qa4+ Kb2
57. Qb4+ Kc1 58. Qxc3+ {Game drawn by mutual agreement} 1/2-1/2

[Event "ICC tourney 1921 (15 5)"]
[Site "Internet Chess Club"]
[Date "2020.07.17"]
[Round "7"]
[White "Heliosis"]
[Black "andrewjiang2"]
[Result "0-1"]
[ICCResult "White forfeits on time"]
[WhiteElo "1360"]
[BlackElo "1335"]
[Opening "Ruy Lopez: closed, anti-Marshall 8.a4"]
[ECO "C88"]
[NIC "RL.18"]
[Time "18:10:49"]
[TimeControl "900+5"]

1. e4 e5 2. Nf3 Nc6 3. Bb5 a6 4. Ba4 Nf6 5. O-O Be7 6. Re1 b5 7. Bb3 O-O 8.
a4 Bb7 9. d3 d6 10. c3 Re8 11. axb5 axb5 12. Rxa8 Bxa8 13. Nbd2 h6 14. Nf1
Bf8 15. Ne3 g6 16. Bd2 Bg7 17. Nd5 Na5 18. Nxf6+ Qxf6 19. Ba2 c5 20. d4 exd4
21. cxd4 Nc6 22. d5 Ne5 23. Nxe5 Qxe5 24. Bc3 Qe7 25. Bxg7 Kxg7 26. Qd3 Rb8
27. f4 Qd7 28. e5 dxe5 29. Rxe5 c4 30. Qd4 Kh7 31. Bb1 Rd8 32. Qc5 Bxd5 33.
f5 Bc6 34. fxg6+ Kg7 35. Re1 Qd4+ 36. Qxd4+ Rxd4 37. gxf7 Kxf7 38. Rf1+ Kg7
39. Bf5 Rd2 40. Rf2 Rd4 41. g4 b4 42. h4 h5 43. gxh5 Rxh4 44. Rh2 Rd4 45.
h6+ Kh8 46. h7 Rf4 47. Rf2 Rd4 48. Bc2 Rg4+ 49. Kf1 Be4 {White forfeits on
time} 0-1

[Event "ICC tourney 1921 (15 5)"]
[Site "Internet Chess Club"]
[Date "2020.07.17"]
[Round "7"]
[White "Pinkqueens"]
[Black "maglrashin"]
[Result "1-0"]
[ICCResult "Black forfeits on time"]
[WhiteElo "1360"]
[BlackElo "1260"]
[Opening "Ruy Lopez: Anderssen variation"]
[ECO "C77"]
[NIC "RL.12"]
[Time "18:10:49"]
[TimeControl "900+5"]

1. e4 e5 2. Nf3 Nc6 3. Bb5 a6 4. Ba4 Nf6 5. d3 d6 6. c3 Be7 7. O-O O-O 8.
Re1 b5 9. Bc2 Re8 10. Nbd2 Bg4 11. Nf1 d5 12. exd5 Nxd5 13. Ng3 Bc5 14. h3
Bc8 15. Bg5 Qd7 16. d4 exd4 17. Rxe8+ Qxe8 18. cxd4 Bd6 19. Qd3 g6 20. Bh6
Ncb4 21. Qd2 Bb7 22. Nh5 Nxc2 23. Qxc2 gxh5 24. Ng5 Nf6 25. Qf5 Qe7 26. Nf3
Kh8 27. Re1 Be4 28. Qg5 Rg8 29. Qh4 Bxf3 30. Rxe7 Rxg2+ 31. Kf1 Bxe7 32. Bg5
Kg7 33. Bxf6+ Bxf6 34. Qf4 Bd5 35. b3 Rg6 36. Qe3 Bg2+ 37. Ke1 Bxd4 38.
Qxd4+ Rf6 39. h4 h6 40. a4 Bf3 41. axb5 axb5 42. Qc3 c6 43. b4 Bg4 44. Qd4
Kg6 45. Qe4+ Bf5 46. Qg2+ Kh7 47. Qf3 Re6+ 48. Kd2 Rd6+ 49. Kc1
{Black forfeits on time}
1-0

[Event "ICC tourney 1921 (15 5)"]
[Site "Internet Chess Club"]
[Date "2020.07.17"]
[Round "7"]
[White "guineapig25"]
[Black "SuperBlueSky"]
[Result "1-0"]
[ICCResult "Black forfeits on time"]
[WhiteElo "1597"]
[BlackElo "1515"]
[Opening "Ruy Lopez: Anderssen variation"]
[ECO "C77"]
[NIC "RL.12"]
[Time "18:10:48"]
[TimeControl "900+5"]

1. e4 e5 2. Nf3 Nc6 3. Bb5 a6 4. Ba4 Nf6 5. d3 b5 6. Bb3 Be7 7. O-O O-O 8.
Bd5 Bb7 9. Bxc6 Bxc6 10. Nxe5 Bb7 11. Nf3 c5 12. Bg5 h6 13. Bf4 Qb6 14. Nbd2
d5 15. e5 Nh5 16. Bg3 Nxg3 17. hxg3 Rae8 18. Re1 Bd8 19. Nf1 d4 20. N1h2 Bc7
21. Qd2 Qc6 22. Qf4 f6 23. Re2 fxe5 24. Qd2 Re6 25. Rae1 g5 26. g4 Qd5 27.
b3 Rfe8 28. Nf1 e4 29. dxe4 Rxe4 30. Qd3 Kg7 31. N1d2 Rxe2 32. Rxe2 Rxe2 33.
Qxe2 Qd7 34. Kf1 Bd6 35. Ne1 Qe7 36. Qd3 Bf4 37. c3 Bxd2 38. Qxd2 Qe4 39. f3
Qd5 40. cxd4 cxd4 41. Nc2 d3 42. Ne1 {Black forfeits on time} 1-0

[Event "ICC tourney 1921 (15 5)"]
[Site "Internet Chess Club"]
[Date "2020.07.17"]
[Round "7"]
[White "WCCJCB"]
[Black "ickyquarter"]
[Result "1-0"]
[ICCResult "Black resigns"]
[WhiteElo "1672"]
[BlackElo "1537"]
[Opening "QGD: Tarrasch, Réti variation"]
[ECO "D34"]
[NIC "TD.04"]
[Time "18:12:12"]
[TimeControl "900+5"]

1. d4 d5 2. c4 e6 3. Nc3 c5 4. cxd5 exd5 5. Nf3 Nc6 6. g3 Nf6 7. Bg2 Be7 8.
O-O O-O 9. dxc5 Bxc5 10. Na4 Be7 11. Be3 Be6 12. Nc5 Bxc5 13. Bxc5 Re8 14.
Rc1 Ne4 15. Be3 Rc8 16. Nd4 Nxd4 17. Qxd4 b6 18. Rfd1 Qf6 19. Qxf6 Nxf6 20.
Bd4 Ne4 21. f3 Nd6 22. Kf2 f6 23. b3 Kf7 24. g4 h5 25. gxh5 Rh8 26. Rxc8
Rxc8 27. Be3 Rc2 28. Rd2 Rc8 29. h6 g5 30. f4 gxf4 31. Bxf4 Ne4+ 32. Bxe4
dxe4 33. Rd4 f5 34. h4 Rg8 35. Be5 Kg6 36. Rd6 Re8 37. Bf4 Re7 38. Bg5 Re8
39. Ke3 Kf7 40. Kf4 Kg6 41. h5+ Kxh5 42. h7 Rh8 43. Rxe6 Rxh7 44. Rh6+ Rxh6
45. Bxh6 Kxh6 46. Kxf5 e3 47. Kf4 Kg6 48. Kxe3 Kf5 49. Kd4 Ke6 50. Ke4 a6
51. b4 a5 52. b5 a4 53. a3 Kd6 54. Kd4 Ke6 55. e4 Kd6 56. e5+ Ke6 57. Ke4
Ke7 58. Kd5 Kd7 59. e6+ Ke7 60. Kc6 Kxe6 61. Kxb6 Kd5 62. Ka7 Kc4 63. b6 Kb3
64. b7 Kxa3 65. b8=Q Ka2 66. Qh2+ Kb3 67. Qg3+ Kb2 68. Qf2+ Kb3 69. Qe3+ Kb2
70. Qd4+ Kb3 71. Qa1 {Black resigns} 1-0

[Event "ICC tourney 1921 (15 5)"]
[Site "Internet Chess Club"]
[Date "2020.07.17"]
[Round "7"]
[White "Kinawa"]
[Black "avaanc"]
[Result "1-0"]
[ICCResult "Black checkmated"]
[WhiteElo "1468"]
[BlackElo "1495"]
[Opening "Sicilian: Hungarian variation"]
[ECO "B27"]
[NIC "SI.43"]
[Time "18:11:06"]
[TimeControl "900+5"]

1. e4 c5 2. Nf3 g6 3. d4 cxd4 4. Qxd4 Nf6 5. e5 Nc6 6. Qd1 Nxe5 7. Nxe5 Qa5+
8. Nc3 Qxe5+ 9. Be2 Bg7 10. Be3 O-O 11. O-O Qa5 12. Bf3 d6 13. a3 a6 14. Rb1
Qc7 15. Qe2 Bf5 16. Rbc1 e5 17. Nd5 Nxd5 18. Bxd5 Bd7 19. c4 Bc6 20. Rfd1
Kh8 21. Qd3 Rad8 22. Qb3 Qc8 23. Bb6 Rd7 24. Rc2 Qe8 25. Rcd2 Qb8 26. Ba5
Bxd5 27. Rxd5 Rc8 28. Bc3 Re8 29. Qb6 Re6 30. Ba5 e4 31. c5 e3 32. fxe3 Bh6
33. c6 Rde7 34. Kh1 Rxe3 35. Rxd6 Re1+ 36. Bxe1 Rxe1+ 37. Rxe1 Qxd6 38. cxb7
Qxb6 39. Re8+ Kg7 40. b8=Q Qd4 41. Qe5+ Qxe5 42. Rxe5 Bc1 43. Ra5 Bxb2 44.
Rxa6 f5 45. Kg1 f4 46. a4 g5 47. a5 h6 48. Rc6 g4 49. a6 Kf8 50. Kf1 Ke8 51.
a7 Kd7 52. a8=Q f3 53. Qb7+ Ke8 54. Rc8# {Black checkmated} 1-0

[Event "ICC tourney 1921 (15 5)"]
[Site "Internet Chess Club"]
[Date "2020.07.17"]
[Round "7"]
[White "Mulan2009"]
[Black "AwarePiece"]
[Result "1-0"]
[ICCResult "Black forfeits on time"]
[WhiteElo "1586"]
[BlackElo "1500"]
[Opening "Scotch: Schmidt variation"]
[ECO "C45"]
[NIC "SO.04"]
[Time "18:10:34"]
[TimeControl "900+5"]

1. e4 e5 2. Nf3 Nc6 3. d4 exd4 4. Nxd4 Nf6 5. Nxc6 bxc6 6. Bd3 Bc5 7. O-O h6
8. Kh1 d5 9. e5 Ng4 10. Qe2 Qh4 11. h3 Nxf2+ 12. Rxf2 Qxf2 13. Qxf2 Bxf2 14.
Bf4 Be6 15. Nd2 g5 16. Bh2 Rb8 17. b3 Kd7 18. c4 a5 19. Rf1 Bc5 20. g4 h5
21. Kg2 hxg4 22. hxg4 Rh4 23. Bf5 Rbh8 24. Bg3 R4h6 25. Bxe6+ Kxe6 26. Nf3
Rg6 27. Rc1 Be3 28. cxd5+ Kxd5 29. Rc3 Bf4 30. Bf2 Re8 31. Rc5+ Ke4 32. Rxa5
Bxe5 33. Ra4+ Kd3 34. Rc4 Bf4 35. Ne1+ Ke2 36. Nc2 Rh6 37. Nd4+ Kd3 38. Nf3
Rhe6 39. a4 Re2 40. Kf1 Rb2 41. Ne1+ Kd2 42. Nf3+ Kd1 43. b4 Ree2 44. Rd4+
Kc1 45. Rc4+ Kb1 46. Be1 Rec2 47. Re4 Ra2 48. a5 Rc1 49. Re2 Rxe2 50. Kxe2
Kb2 51. Nd4 Bd6 52. Bd2 Ra1 53. Kd3 Rg1 54. Bc3+ Ka2 55. a6 Rh1 56. Nxc6
Rh3+ 57. Kc4 {Black forfeits on time} 1-0

[Event "ICC tourney 1921 (15 5)"]
[Site "Internet Chess Club"]
[Date "2020.07.17"]
[Round "7"]
[White "ryanwang"]
[Black "Ksadury"]
[Result "0-1"]
[ICCResult "White forfeits on time"]
[WhiteElo "1491"]
[BlackElo "1491"]
[Opening "Sicilian: Scheveningen (Paulsen), classical variation"]
[ECO "B84"]
[NIC "SI.23"]
[Time "18:10:48"]
[TimeControl "900+5"]

1. e4 c5 2. Nf3 d6 3. d4 cxd4 4. Nxd4 Nf6 5. Nc3 a6 6. Be2 e6 7. O-O Be7 8.
a4 O-O 9. Be3 Nc6 10. Qd2 Bd7 11. f4 Rc8 12. Bf3 Nxd4 13. Bxd4 Bc6 14. a5 e5
15. Bb6 Qd7 16. f5 Bd8 17. Be3 Bc7 18. g4 Rfd8 19. g5 Ne8 20. Nd5 Rb8 21.
Nxc7 Nxc7 22. c4 Na8 23. f6 b5 24. Qg2 bxc4 25. fxg7 Qb7 26. g6 fxg6 27. Bg4
Kxg7 28. Qh3 h5 29. Be6 Rf8 30. Qh4 Kh7 31. Qg5 Qg7 32. Ra3 Bxe4 33. Bc1
Rbc8 34. Bxc8 Rxc8 35. Rh3 c3 36. bxc3 Nc7 37. Rh4 Bd5 38. c4 Be6 39. Rf6
Bf5 40. Kh1 Rf8 41. Rxd6 Ne8 42. Rxa6 Qb7+ 43. Kg1 Qxa6 44. Qh6+ Kg8 45.
Rxh5 Qb7 46. Qh8+ Kf7 47. Rh7+ Ke6 48. Qxe5+ Kxe5 49. Rxb7 Bh3 50. Bb2+ Ke4
51. Re7+ Kd3 52. Re1 Kxc4 53. a6 Nc7 54. a7 Nb5 55. a8=Q Rxa8 56. Re4+ Kd3
57. Rh4 Bf5 58. Rb4 Nc3 59. Rb3 Rc8 60. Kf2 Kc2 61. Rxc3+ Rxc3 62. Bxc3 Kxc3
63. Kg3 Kd4 64. Kf4 Bd7 65. h4 Be8 66. Kg5 Ke4 67. Kg4 Ke5 68. Kg5 Bf7 69.
Kg4 Ke4 70. Kg5 Kf3 71. Kf6 Be8 72. Kg5 Kg3 {White forfeits on time} 0-1

[Event "ICC tourney 1921 (15 5)"]
[Site "Internet Chess Club"]
[Date "2020.07.17"]
[Round "7"]
[White "RobloxMadCity"]
[Black "JadeTooth"]
[Result "0-1"]
[ICCResult "White checkmated"]
[WhiteElo "1321"]
[BlackElo "1237"]
[Opening "Giuoco Piano: Möller (Therkatz) attack"]
[ECO "C54"]
[NIC "IG.02"]
[Time "18:11:34"]
[TimeControl "900+5"]

1. e4 e5 2. Nf3 Nc6 3. Bc4 Bc5 4. c3 Nf6 5. d4 exd4 6. cxd4 Bb4+ 7. Nc3 Nxe4
8. O-O Bxc3 9. d5 Ne7 10. bxc3 Nd6 11. Bb3 O-O 12. Ba3 Ndf5 13. Bc2 d6 14.
Qd3 Ng6 15. Rfe1 Nfe7 16. h4 Bf5 17. Qd2 Bxc2 18. Qxc2 Nxd5 19. h5 Ngf4 20.
Qd2 Qf6 21. Bb2 Nb6 22. Rac1 Nc4 23. Qc2 Nxb2 24. Qxb2 Nd3 25. Qxb7 Nxc1 26.
Rxc1 Qh6 27. Rb1 g6 28. hxg6 hxg6 29. Qxc7 Rac8 30. Qxd6 Rxc3 31. Qd4 Rfc8
32. Rf1 Rc1 33. Qxa7 Rxf1+ 34. Kxf1 Qc1+ 35. Ke2 Rc2+ 36. Kd3 Qd1+ 37. Ke3
Re2+ 38. Kf4 Qd6+ 39. Kg4 Re4+ 40. Kh3 Qe6+ 41. Kh2 Qd6+ 42. g3 Kg7 43. Ng5
Re7 44. Qa8 Qc5 45. Ne4 Qh5+ 46. Kg2 Qe2 47. Nc3 Qc2 48. Qc6 Qf5 49. a4 Qd7
50. Qxd7 Rxd7 51. Kf3 Rc7 52. Nb5 Rc4 53. a5 Ra4 54. a6 Rxa6 55. Nc7 Ra3+
56. Kg4 f5+ 57. Kf4 Ra4+ 58. Kg5 Rg4# {White checkmated} 0-1